AoeStats
← I HCP I

Arabia

505455028Analyzed
1v1 RM · 22d ago on Sep 9, 2026· 44m 27s· 2 players
Game mode
Random Map
Map size
Tiny (2 player)
Population
200
Speed
Normal
Resources
Standard
Victory
Conquest
Starting age
Dark Age
Ending age
Imperial Age
RankedLock teamsTeams togetherTeam positionsShared explorationLock speedFull tech treeHidden civsTurbo modeCheats
Victory
Defeat
🇫🇷 Mongols · France
795
+18
🇬🇧 Slavs · United Kingdom
834
-18
Furluk
6:33 Loom
8:58 Feudal Age
18:38 Castle Age
17:11 Double-Bit Axe
17:08 Horse Collar
18:13 Gold Mining
18:48 Bloodlines
20:49 Bow Saw
20:41 Heavy Plow
21:16 Stone Mining
24:59 Light Cavalry
27:38 Fletching
27:48 Padded Archer Armor
29:13 Bodkin Arrow
29:34 Leather Archer Armor
30:43 Gold Shaft Mining
30:45 Stone Shaft Mining
33:04 Ballistics
36:18 Imperial Age
34:51 Wheelbarrow
34:04 Town Watch
36:28 Pikeman
37:25 Bracer
38:36 Chemistry
37:33 Murder Holes
37:57 Hand Cart
37:44 Town Patrol
37:45 Elite Mangudai
I HCP I
8:18 Loom
11:19 Feudal Age
16:48 Double-Bit Axe
16:45 Horse Collar
21:47 Castle Age
24:35 Bloodlines
25:54 Husbandry
28:00 Forging
27:56 Scale Barding Armor
29:45 Fletching
32:47 Heavy Plow
36:11 Wheelbarrow
35:23 Town Watch
36:45 Light Cavalry
37:46 Detinets
38:56 Bodkin Arrow
45:35 Imperial Age
42:35 Elite Skirmisher
Connection lost

Rejoining the realm…

Still unreachable

The connection could not be restored.

Session expired

The server has moved on; the page needs a fresh start.